Map: Catalyst LE

Players

SamuraiFunn - Winner!

  • Race: Protoss Protoss
  • Spawn Location: 5:00

A.I. 1 (Elite)

  • Race: Protoss Protoss
  • Spawn Location: 11:00

VOD

Have the link to the VOD?

Description

Time

  • Played on: Nov. 24, 2017, 3 p.m.
  • Length: 7:50
Show
View Real Time Build Order
Export as new Build Order

SamuraiFunn Protoss - Winner!

Build Orders:  

Get SALT Encoding   

  12  0:03  Probe  
  13  0:15  Probe  
  14  0:21  Assimilator  
  14  0:27  Pylon  
  14  0:29  Probe  
  15  0:45  Probe  
  16  0:53  Gateway  
  16  0:57  Probe  
  17  1:04  Assimilator  
  17  1:09  Probe  
  18  1:21  Probe  
  19  1:33  Probe  
  20  1:45  Probe  
  20  1:46  Cybernetics Core  
  21  1:52  Nexus  
  21  1:59  Pylon  
  21  2:02  Zealot  
  23  2:17  Probe  
  24  2:33  Warp Gate (Chrono Boost)  
  24  2:36  Adept  
  26  2:47  Probe  
  27  2:52  Pylon  
  27  3:00  Probe  
  28  3:08  Probe  
  28  3:11  Twilight Council  
  28  3:12  Probe  
  30  3:16  Assimilator  
  30  3:18  Assimilator  
  30  3:25  Probe x2  
  32  3:33  Gateway  
  32  3:35  Gateway  
  32  3:43  Gateway  
  32  3:53  Probe x2  
  34  4:05  Probe  
  34  4:06  Probe  
  36  4:18  Probe x2  
  36  4:19  Pylon  
  36  4:22  Pylon  
  38  4:36  Probe x2  
  40  4:47  Dark Shrine  
  39  5:00  Gateway  
  39  5:01  Gateway  
  39  5:02  Probe x2, Gateway  
  41  5:14  Probe x2  
  43  5:31  Robotics Facility  
  43  5:35  Probe x2  
  45  5:47  Probe x2  
  47  5:59  Dark Templar  
  47  6:00  Dark Templar x4  
  47  6:01  Dark Templar  
  47  6:02  Dark Templar  
  61  6:35  Dark Templar x4  
  69  6:42  Pylon  
  69  6:43  Pylon  
  69  6:45  Pylon  
  69  6:47  Pylon  
  69  7:13  Dark Templar x4  
  77  7:16  Zealot  
Show
View Real Time Build Order
Export as new Build Order

A.I. 1 (Elite) Protoss 

Build Orders:  

Get SALT Encoding   

  12  0:00  Probe  
  13  0:13  Probe  
  14  0:20  Pylon  
  14  0:25  Probe  
  15  0:38  Probe  
  16  0:48  Assimilator  
  16  0:50  Probe, Gateway  
  17  1:01  Pylon  
  17  1:03  Probe  
  18  1:15  Probe  
  19  1:27  Probe  
  20  1:37  Zealot  
  20  1:38  Cybernetics Core  
  20  1:39  Probe  
  23  1:51  Probe  
  24  2:03  Probe  
  24  2:04  Nexus  
  25  2:16  Gateway  
  25  2:23  Pylon  
  25  2:28  Zealot  
  27  2:32  Probe  
  27  2:35  Warp Gate  
  28  2:43  Assimilator  
  29  2:44  Probe  
  29  2:55  Adept  
  29  2:56  Probe  
  32  3:03  Adept  
  34  3:08  Probe, Pylon  
  35  3:20  Probe  
  35  3:22  Stalker  
  38  3:30  Probe, Stalker  
  41  3:41  Gateway, Probe  
  42  3:50  Probe  
  42  3:52  Stalker  
  45  3:58  Probe  
  45  4:00  Stalker  
  48  4:03  Probe  
  49  4:10  Probe  
  49  4:15  Probe  
  51  4:22  Stalker  
  51  4:23  Probe  
  54  4:27  Probe  
  54  4:30  Stalker  
  57  4:35  Probe  
  57  4:36  Pylon, Stalker  
  60  4:39  Probe  
  60  4:43  Pylon  
  61  4:47  Probe  
  62  4:54  Probe  
  62  4:59  Probe, Stalker  
  66  5:00  Stalker  
  66  5:06  Probe  
  69  5:07  Stalker  
  69  5:11  Probe, Pylon  
  72  5:16  Pylon  
  72  5:18  Probe  
  73  5:23  Probe, Stalker  
  73  5:24  Stalker  
  78  5:30  Probe  
  78  5:31  Stalker  
  78  5:35  Probe  
  82  5:37  Pylon  
  82  5:42  Probe  
  83  5:46  Twilight Council, Stalker  
  83  5:47  Probe, Stalker  
  88  5:54  Sentry, Probe  
  91  6:00  Pylon  
  91  6:05  Assimilator  
  91  6:09  Zealot  
  91  6:10  Assimilator  
  93  6:25  Templar Archives  
  93  6:27  Zealot x2  
  93  6:29  Zealot  
  93  6:30  Pylon  
  93  6:33  Probe  
  80  6:47  Zealot  
  80  6:48  Nexus, Zealot  
  80  6:50  Zealot  
  84  6:56  Probe  
  84  6:58  Probe, Robotics Facility  
  83  7:08  High Templar x2, Probe  
  78  7:18  Nexus  
  78  7:20  Probe  
  63  7:25  Zealot  
  46  7:40  Adept  
  46  7:41  High Templar  
Tags
 
Matchup
PvP
Replay Pack
First 100 games
Spawn Locations
Cross Positions
Add a new tag
Caveats
  • Supply blocks, unpowered buildings, or Contaminate may cause inaccurate times.
  • Supply counts are checked every 10 seconds.